 Dungeon Crawl Stone Soup version 0.32-a0-834-geaf45d8e21 (webtiles) character file.

Game seed: 6579169653087936424

113 Shayle the Apothecary (level 4, -6/52 HPs)
             Began as a Coglin Alchemist on Mar 25, 2024.
             Mangled by Sigmund
             ... wielding a +1 heavy scythe
              (11 damage)
             ... on level 3 of the Dungeon.
             The game lasted 00:12:24 (2637 turns).

Shayle the Apothecary (Coglin Alchemist)            Turns: 2637, Time: 00:12:24

Health: -6/52      AC: 22    Str:  9    XL:     4   Next: 96%
Magic:  0/6        EV:  2    Int: 14    God:
Gold:   113        SH:  0    Dex: 16    Spells: 2/6 levels left

rFire   . . .        c - +0 dagger {Septima}
rCold   . . .        d - +0 dagger {Mei}
rNeg    . . .        a - melded +0 robe
rPois   +            (helmet currently unavailable)
rElec   .            (cloak currently unavailable)
rCorr   .            (gloves currently unavailable)
SInv    .            l - melded +0 pair of boots
Will    .....        (no amulet)
Stlth   ++           (no ring)
HPRegen 0.28/turn    (no ring)
MPRegen 0.10/turn    (no gizmo)

%: no passive effects
@: tree-form, very slightly contaminated, revving
A: stationary, stasis, torment immunity, boosted hp, off-hand wielding, slow
wielding, warmup strikes, (no jewellery)
a: Invent Gizmo


You were on level 3 of the Dungeon.
You were a tree.
You visited 1 branch of the dungeon, and saw 3 of its levels.

You collected 139 gold pieces.
You spent 26 gold pieces at shops.

Inventory:

Hand Weapons
 c - a +0 dagger (weapon) {Septima}
 d - a +0 dagger (offhand) {Mei}
 f - a +0 sling
 j - a +0 sling
Armour
 a - a +0 robe (melded)
 l - a +0 pair of boots (melded)
Scrolls
 e - 2 scrolls of teleportation
 k - a scroll of identify
 m - a scroll of fog {unknown}
Potions
 h - 4 potions of brilliance


   Skills:
 + Level 3.0 Fighting
 + Level 2.6 Ranged Weapons
 - Level 1.7 Dodging
 - Level 1.5 Stealth
 - Level 1.7 Spellcasting
 - Level 0.8 Conjurations
 - Level 3.2 Alchemy


You had 2 spell levels left.
You knew the following spells:

 Your Spells              Type           Power      Damage    Failure   Level
a - Sting                 Conj/Alch      28%        1d4       11%         1
b - Mephitic Cloud        Conj/Alch/Air  5%         N/A       38%         3

Your spell library contained the following spells:

 Spells                   Type           Power      Damage    Failure   Level
 Mercury Vapours          Alch/Air       10%        N/A       19%         2
 Hailstorm                Conj/Ice       2%         3d5       52%         3
 Olgreb's Toxic Radiance  Alch           10%        N/A       54%         4
 Summon Ice Beast         Ice/Summ       1%         N/A       58%         3
 Volatile Blastmotes      Fire/Tloc      2%         2d10      58%         3
 Fulminant Prism          Conj/Alch      3%         3d5       71%         4
 Sticky Flame             Fire/Alch      5%         2d4       77%         4
 Iskenderun's Mystic Bla  Conj/Tloc      2%         2d3       90%         4
 Permafrost Eruption      Ice/Erth       0%         2x4d2     100%        6
 Sculpt Simulacrum        Ice/Alch       2%         N/A       100%        6


Dungeon Overview and Level Annotations

Branches:
Dungeon (3/15)

Altars:

Shops:
D:1 *

Annotations:
D:3 Natasha, Sigmund


Innate Abilities, Weirdness & Mutations

You are a tree.
Your roots penetrate the ground, keeping you stationary.
You cannot be teleported.
You are immune to unholy pain and torment.
Your maximum health is greatly increased.
Your equipment is partially melded.
You can wield a second weapon in your off-hand.
It takes a long time for you to wield or remove held weapons.
Your first few attacks do less damage.
((You cannot equip rings or amulets.))


Message History

The puff of flame hits you.
You hit something with your +0 dagger. x2; Something hits you!
You turn into a tree.
Your +0 pair of boots melds into your body.
Your +0 robe melds into your body.
Your roots penetrate the ground.
You cannot move.
You cannot move.
Casting: Mephitic Cloud (quite dangerous; 38% risk of failure)
Confirm with . or Enter, or press ? or * to list all spells.
Aiming: Sting (safe; 11% risk of failure)
Press: ? - help, Shift-Dir - straight line The sting hits something.
Something hits you.
* * * LOW HITPOINT WARNING * * *
Unknown command.
You cannot move.
Magic courses through your body.
Casting: Sting (safe; 11% risk of failure)
Confirm with . or Enter, or press ? or * to list all spells.
Aiming: Mephitic Cloud (quite dangerous; 38% risk of failure)
Press: ? - help, Shift-Dir - straight line, f - you You miscast Mephitic Cloud.
You are very lightly contaminated with residual magic.
Nothing appears to happen.
Something hits you!
* * * LOW HITPOINT WARNING * * *
Casting: Mephitic Cloud (quite dangerous; 38% risk of failure)
Confirm with . or Enter, or press ? or * to list all spells.
Aiming: Mephitic Cloud (quite dangerous; 38% risk of failure)
Press: ? - help, Shift-Dir - straight line, f - you You miscast Mephitic Cloud.
You are engulfed in toxic fumes.
Casting: Mephitic Cloud (quite dangerous; 38% risk of failure)
Confirm with . or Enter, or press ? or * to list all spells.
Okay, then.
Okay, then.
You cannot move.
You cannot move.
You closely miss something with your +0 dagger.
You hit something with your +0 dagger. You hit something with your +0 dagger.
You miss something with your +0 dagger. Something hits you!
You die...

.#############.#.#
#...........
.#...........#.#.#
#...........
.#.#########.#.#.#
#...........
.#...........#.#.#
#########.##
.............#.#.#
.#
#########.####.#.#
.............#.#
#######.######{#
#.# #♣# #.# #.#
#.# #.# #.# #.#
#.# #.# #. #..
####


There were no monsters in sight!

Vanquished Creatures
  5 adders
  2 dart slugs (D:1)
  3 ribbon worms
  2 orcs (D:3)
  7 bats
  3 endoplasms (D:2)
  8 giant cockroaches
  6 goblins
  2 quokkas (D:2)
  6 ball pythons
  5 frilled lizards
  4 kobolds
  4 rats
57 creatures vanquished.

Notes
Turn   | Place    | Note
-------+----------+-------------------------------------------
     0 | D:1      | Shayle the Coglin Alchemist began the quest for the Orb.
     0 | D:1      | Reached XP level 1. HP: 13/13 MP: 3/3
   142 | D:1      | Reached skill level 1 in Fighting
   142 | D:1      | Reached XP level 2. HP: 21/21 MP: 0/4
   149 | D:1      | Reached skill level 1 in Ranged Weapons
   369 | D:1      | Found Gahuek's General Store.
   372 | D:1      | Bought a scroll of identify for 26 gold pieces
   821 | D:2      | Reached XP level 3. HP: 25/26 MP: 2/5
   982 | D:2      | Found a faded altar of an unknown god.
  1300 | D:2      | Reached XP level 4. HP: 34/34 MP: 2/6
  2211 | D:3      | Noticed Natasha
  2217 | D:3      | Learned a level 3 spell: Mephitic Cloud
  2595 | D:3      | Noticed Sigmund
  2637 | D:3      | Mangled by Sigmund

Illustrated notes

Levels and vault maps discovered:
D:1:      psy_arrival_radial02, layout_basic, serial_shops, shop,
          minmay_worlds_worst_comb
D:2:      layout_basic, basic_ecumenical_altar
D:3:      layout_basic, kennysheep_slug_shrine, lemuel_doored_altar,
          uniq_sigmund, uniq_natasha, uniq_ijyb

Skill      XL: |  1  2  3  4 |
---------------+-------------+-----
Fighting       | 1 2 3 |  3.0
Ranged Weapons | 1 2 |  2.6
Dodging        | |  1.7
Stealth        | |  1.5
Spellcasting   | |  1.7
Conjurations   | |  0.8
Alchemy        | |  3.2

Action                     |  1- 3 |  4- 6 || total
---------------------------+-------+-------++-------
  Melee: Dagger            |    88 |    39 ||   127
   Cast: Sting             |    39 |    52 ||    91
    Use: Scroll            |     2 |     2 ||     4
         Potion            |       |     4 ||     4
   Stab: Sleeping          |       |     2 ||     2
 Armour: Robe              |    40 |    57 ||    97
         Skin              |       |     3 ||     3
  Dodge: Dodged            |    37 |    25 ||    62

Table legend: (Time is in decaauts)
 A = Elapsed time spent in this place.
 B = Non-inter-level travel time spent in this place.
 C = Inter-level travel time spent in this place.
 D = Time resting spent in this place.
 E = Time spent auto-exploring this place.
 F = Levels seen in this place.
 G = Mean time per level.
                   A        B        C        D        E       F      G
               +--------+--------+--------+--------+--------+-----+--------+
         Total |   2636 |   2567 |     69 |    570 |   1389 |   3 |  878.7 |
       Dungeon |   2636 |   2567 |     69 |    570 |   1389 |   3 |  878.7 |
               +--------+--------+--------+--------+--------+-----+--------+

Top non-repeatable levels by time:
     D:2: 1336 daAuts
     D:1: 813 daAuts
     D:3: 487 daAuts
